 Dungeon Crawl Stone Soup version 0.30-a0-373-gd37427bb62 (webtiles) character file.

Game seed: 4450759144283101520

159 Grillzange the Cudgeller (level 5, -26/45 HPs)
             Began as a Minotaur Fighter on Nov 24, 2022.
             Annihilated by a large abomination (27 damage)
             ... on level 1 of the Abyss.
             The game lasted 00:03:51 (2124 turns).

Grillzange the Cudgeller (Minotaur Fighter)         Turns: 2124, Time: 00:03:52

Health: -26/45     AC:  8    Str: 22    XL:     5   Next: 17%
Magic:  3/3        EV:  9    Int:  5    God:
Gold:   161        SH:  4    Dex: 10    Spells: 4/4 levels left

rFire   . . .      SeeInvis .    h - +0 whip
rCold   . . .      Faith    .    c - +0 buckler
rNeg    . . .      Spirit   .    b - +0 scale mail
rPois   .          Reflect  .    (helmet restricted)
rElec   .          Harm     .    (no cloak)
rCorr   .          Rampage  .    k - +0 pair of gloves
Will    .....      Rage     9%   (no boots)
Stlth   ..........               (no amulet)
HPRegen 0.00/turn                (no ring)
MPRegen 0.08/turn                (no ring)

@: inhibited regen, unable to drink
A: horns 2, retaliatory headbutt, [berserk 2], [deterioration 2], [low MP 2],
[screaming 2], [inhibited regeneration], [no potion heal 2], [inability to drink
after injury 2]
a: no special abilities


You were on level 1 of the Abyss.
You visited 1 branch of the dungeon, and saw 3 of its levels.
You visited the Abyss 1 time.

You collected 161 gold pieces.

Inventory:

Hand Weapons
 h - a +0 whip (weapon)
Armour
 b - a +0 scale mail (worn)
 c - a +0 buckler (worn)
 k - a +0 pair of gloves (worn)
Scrolls
 f - 2 scrolls of identify {unknown}
 i - a scroll of fear {unknown}
 j - a scroll of magic mapping {unknown}
 l - a scroll of vulnerability {unknown}
Potions
 a - 2 potions of berserk rage {unknown}
 d - a potion of might
 e - a potion of ambrosia {unknown}
 g - 2 potions of mutation {unknown}
 m - 2 potions of curing {unknown}


   Skills:
 - Level 3.6 Fighting
 + Level 6.4 Maces & Flails
 - Level 3.6 Armour
 - Level 4.0 Shields


You had 4 spell levels left.
You didn't know any spells.
Your spell library contained the following spells:

 Spells                   Type           Power      Damage    Failure   Level
 Magic Dart               Conj           0%         1d3       87%         1
 Necrotise                Necr           0%         1d4       87%         1
 Sandblast                Erth           0%         2d4       87%         1
 Call Imp                 Summ           0%         N/A       95%         2
 Passwall                 Tmut/Erth      0%         N/A       95%         2
 Mephitic Cloud           Conj/Pois/Air  0%         N/A       99%         3
 Stone Arrow              Conj/Erth      0%         3d7       99%         3
 Vampiric Draining        Necr           0%         2d6       99%         3
 Agony                    Necr           0%         N/A       100%        5


Dungeon Overview and Level Annotations

Branches:
Dungeon (3/15)

Altars:
Makhleb


Innate Abilities, Weirdness & Mutations

You have a pair of horns on your head.
You reflexively headbutt those who attack you in melee.
[You have an uncontrollable temper.]
[Your body often deteriorates upon taking damage.]
[Your magical capacity is very low. (-20% MP)]
[You frequently scream uncontrollably at your foes.]
[You do not regenerate when monsters are visible.]
[Potions cannot restore your health.]
[You sometimes lose the ability to drink potions when taking damage.]


Message History

The wretched star glows turbulently.
The lance of force hits you!
You are knocked back by the lance of force.
You slam into the stone wall!
The orange demon stings you from afar!
* * * LOW HITPOINT WARNING * * *
The wretched star pulses with an eldritch light!
You feel yourself wasting away.
You feel your body start to fall apart.
Your regeneration stops near monsters.
The orange demon barely misses you.
The wretched star pulses with an eldritch light!
You occasionally lose the ability to drink potions when taking damage.
You lose the ability to drink potions when taking damage more often.
The orange demon stings you from afar.
You feel threatened and lose the ability to drink potions!
* * * LOW HITPOINT WARNING * * *
You can drink potions again.
The wretched star pulses with an eldritch light!
You feel a little pissed off.
You feel extremely angry at everything! The orange demon stings you from afar.
You feel threatened and lose the ability to drink potions!
* * * LOW HITPOINT WARNING * * *
You can drink potions again.
The wretched star pulses with an eldritch light!
Your system partially rejects the healing effects of potions.
Your system completely rejects the healing effects of potions.
You feel less energetic. x2
You scream at the large abomination!
A large abomination comes into view.
You barely miss the large abomination.
You hit the large abomination but do no damage.
You headbutt the large abomination.
The large abomination is lightly damaged.
The large abomination hits you but does no damage.
You hit the large abomination.
You headbutt the large abomination, but do no damage.
The large abomination is lightly damaged.
The large abomination hits you!!
You feel threatened and lose the ability to drink potions!
Ouch! That really hurt!
You die...

#####
#4X.#
#.#@#
..4###
.X###
##


You could see an orange demon and a large abomination.

Vanquished Creatures
  2 gnolls (D:3)
  6 adders (D:2)
  A worm (D:3)
  3 dart slugs
  2 orcs (D:3)
  3 endoplasms
  A giant cockroach (D:1)
  5 goblins
  6 hobgoblins
  4 jackals (D:1)
  11 kobolds
  5 quokkas
  10 ball pythons
  5 bats
  3 frilled lizards
  6 rats
73 creatures vanquished.

Notes
Turn   | Place    | Note
-------+----------+-------------------------------------------
     0 | D:1      | Grillzange the Minotaur Fighter began the quest for the
                  | Orb.
     0 | D:1      | Reached XP level 1. HP: 19/19 MP: 0/0
    83 | D:1      | Reached skill level 3 in Maces & Flails
    83 | D:1      | Reached XP level 2. HP: 21/26 MP: 1/1
   505 | D:1      | Reached skill level 4 in Maces & Flails
   548 | D:1      | Reached XP level 3. HP: 31/31 MP: 2/2
   553 | D:1      | Found a faded altar of an unknown god.
  1218 | D:2      | Reached skill level 5 in Maces & Flails
  1218 | D:2      | Reached XP level 4. HP: 39/39 MP: 3/3
  1659 | D:2      | Reached skill level 6 in Maces & Flails
  1867 | D:3      | Found a burning altar of Makhleb.
  2003 | D:3      | Reached XP level 5. HP: 45/45 MP: 4/4
  2020 | Abyss:1  | Cast into level 1 of the Abyss (gnoll)
  2081 | Abyss:1  | Noticed an orange demon
  2081 | Abyss:1  | Noticed a large abomination
  2083 | Abyss:1  | Noticed a wretched star
  2113 | Abyss:1  | HP: 1/45 [orange demon (3)]
  2117 | Abyss:1  | Noticed a large abomination
  2124 | Abyss:1  | Annihilated by a large abomination

Illustrated notes

Levels and vault maps discovered:
D:1:      scummos_arrival_simple_fountains, layout_basic,
          shapermc_ecumenical_altar_ellora
D:2:      layout_loops_ring, minmay_goblin_kobold_house
D:3:      minmay_wonky_spiral, layout_basic, mainiacjoe_overflow_paths,
          minmay_misc_feat_iff, kennysheep_generic_room_14
Abyss:1:  base: D:3, minivault_22, minivault_22

Skill      XL: |  1  2  3  4 |
---------------+-------------+-----
Maces & Flails | 3 4 5 6 |  6.4
Shields        | 4 |  4.0
Fighting       | |  3.6
Armour         | |  3.6

Action                   |  1- 3 |  4- 6 || total
-------------------------+-------+-------++-------
Melee: Flail             |    43 |       ||    43
       Headbutt          |    10 |    14 ||    24
       Whip              |    68 |    82 ||   150
Armor: Scale mail        |    40 |    29 ||    69
Dodge: Dodged            |    50 |    33 ||    83
Block: Buckler           |    30 |     8 ||    38

Table legend: (Time is in decaauts)
 A = Elapsed time spent in this place.
 B = Non-inter-level travel time spent in this place.
 C = Inter-level travel time spent in this place.
 D = Time resting spent in this place.
 E = Time spent auto-exploring this place.
 F = Levels seen in this place.
 G = Mean time per level.
                   A        B        C        D        E       F      G
               +--------+--------+--------+--------+--------+-----+--------+
         Total |   2119 |   2022 |     97 |      0 |   1534 |   4 |  529.8 |
       Dungeon |   2016 |   1919 |     97 |      0 |   1534 |   3 |  672.0 |
         Abyss |    103 |    103 |      0 |      0 |      0 |   1 |  103.0 |
               +--------+--------+--------+--------+--------+-----+--------+

Top non-repeatable levels by time:
     D:1: 962 daAuts
     D:2: 900 daAuts
     D:3: 153 daAuts
 Abyss:1: 103 daAuts
